 Dungeon Crawl Stone Soup version 0.29-a0-409-gd843f3a48c (webtiles) character file.

Game seed: 14717179418291077450

616 trckry the Changer (level 7, -2/30 HPs)
             Began as a Felid Transmuter on May 15, 2022.
             Was an Initiate of Makhleb.
             Succumbed to a killer bee's poison
             ... on level 7 of the Dungeon.
             The game lasted 00:24:45 (6490 turns).

trckry the Changer (Felid Transmuter)               Turns: 6490, Time: 00:24:46

Health: -2/30      AC:  2    Str:  8    XL:     7   Next: 21%
Magic:  11/12      EV: 23    Int: 20    God:    Makhleb [......]
Gold:   350        SH:  5    Dex: 22    Spells: 2/12 levels left
                                        Lives:  0   Deaths: 2

rFire   . . .      SeeInvis +     - Unarmed
rCold   . . .      Faith    .   (shield unavailable)
rNeg    . . .      Spirit   .   (body armour unavailable)
rPois   .          Reflect  +   (helmet unavailable)
rElec   .          Harm     .   (cloak unavailable)
rCorr   .          Rampage  .   (gloves unavailable)
Will    +....                   (boots unavailable)
Stlth   ++........              d - amulet of reflection
HPRegen 0.10/turn               l - +6 ring of intelligence
MPRegen 0.13/turn               m - ring of poison resistance

@: lethally poisoned (-2 -> -21), spider-form
A: venomous fangs, tiny, (claws 1), (fangs 3), see invisible, (speed 1), (shaggy
fur 2), (stealthy paws), no weapons or thrown items, no armour, multi-lived
a: End Transformation, Renounce Religion


You were on level 7 of the Dungeon.
You worshipped Makhleb.
Makhleb was noncommittal.
You were a venomous arachnid creature.
You visited 2 branches of the dungeon, and saw 8 of its levels.
You also visited: Sewer.

You collected 350 gold pieces.

Inventory:

Jewellery
 d - an amulet of reflection (around neck)
 l - a +6 ring of intelligence (left front leg)
 m - a ring of poison resistance (right front leg)
 u - the ring of the Final Decision {rC- rN+ Will+ Str+7 Int+6}
   (You found it on level 3 of the Dungeon)

   [ring of intelligence]

   Str:       It affects your strength (+7).
   Int:       It affects your intelligence (+6).
   rC:        It makes you vulnerable to cold.
   rN:        It protects you from negative energy.
   Will:      It increases your willpower.
 w - a ring of willpower
Wands
 v - a wand of iceblast (3)
Scrolls
 c - a scroll of torment {unknown}
 f - a scroll of poison {unknown}
 h - 7 scrolls of teleportation {unknown}
 j - a scroll of blinking {unknown}
 n - 3 scrolls of enchant armour {unknown}
 o - 2 scrolls of amnesia {unknown}
 s - 2 scrolls of fog {unknown}
 t - 2 scrolls of magic mapping {unknown}
 x - a scroll of noise {unknown}
 y - 3 scrolls of identify {unknown}
 A - a scroll of vulnerability {unknown}
 C - a scroll of immolation {unknown}
Potions
 a - a potion of lignification
 b - 4 potions of might {unknown}
 e - a potion of brilliance {unknown}
 g - 4 potions of curing {unknown}
 i - 2 potions of mutation {unknown}
 k - a potion of berserk rage {unknown}
 p - 4 potions of flight
 q - a potion of invisibility {unknown}
 r - 2 potions of ambrosia {unknown}
 z - a potion of magic {unknown}
 B - a potion of attraction {unknown}
 D - a potion of heal wounds {unknown}


   Skills:
 + Level 2.7 Fighting
 + Level 4.5 Dodging
 * Level 6.6 Unarmed Combat
 + Level 3.1 Spellcasting
 * Level 6.8 Transmutations
 + Level 1.6 Ice Magic
 + Level 1.6 Poison Magic
 * Level 2.3 Invocations
 + Level 3.4 Evocations


You had 2 spell levels left.
You knew the following spells:

 Your Spells              Type           Power      Damage    Failure   Level
a - Beastly Appendage     Tmut           60%        N/A       4%          1
b - Wereblood             Tmut           30%        N/A       6%          2
c - Spider Form           Tmut/Pois      20%        N/A       21%         3
d - Ice Form              Ice/Tmut       20%        N/A       45%         4

Your spell library contained the following spells:

 Spells                   Type           Power      Damage    Failure   Level
 Passwall                 Tmut/Erth      13%        N/A       16%         2
 Magic Dart               Conj           12%        1d3       32%         1
 Pain                     Necr           12%        1d4       32%         1
 Ensorcelled Hibernation  Hex/Ice        12%        N/A       34%         2
 Searing Ray              Conj           6%         2d4       43%         2
 Ignite Poison            Fire/Tmut/Pois 14%        N/A       30%         3
 Conjure Flame            Conj/Fire      3%         6-21      61%         3
 Swiftness                Air            3%         N/A       61%         3
 Fulminant Prism          Conj/Hex       1%         3d6       92%         4
 Sticky Flame             Conj/Fire      3%         2d3       92%         4
 Agony                    Necr           3%         N/A       99%         5
 Freezing Cloud           Conj/Ice/Air   2%         6-21      99%         5
 Simulacrum               Ice/Necr       3%         N/A       100%        6
 Polar Vortex             Ice            4%         N/A       100%        9
 Excruciating Wounds      Necr           Unusable   N/A       N/A         5

Dungeon Overview and Level Annotations

Branches:
Dungeon (7/15)             Temple (1/1) D:5           Sewer (visited)

Altars:
Ashenzari
Cheibriados
Dithmenos
Gozag
Hepliaklqana
Makhleb
Nemelex Xobeh
Okawaru
Qazlal
Ru
Sif Muna
Trog
Uskayaw
Wu Jian
Yredelemnul
The Shining One

Shops:
D:5 *

Annotations:
D:5 exclusion: door
D:6 Dowan, Sigmund


Innate Abilities, Weirdness & Mutations

You are a venomous arachnid creature.
You have poisonous fangs.
You are tiny and dextrous.
Your spellcasting is less reliable in this form.
((You have sharp claws.))
((You have razor-sharp teeth.))
You have supernaturally acute eyesight. (SInv)
((You cover ground quickly. (Speed+)))
((You are covered in thick fur. (AC +2)))
((Your paws help you pounce on unaware monsters.))
You are incapable of wielding weapons or throwing items.
You cannot wear armour.
You gain extra lives every three experience levels.


Message History

The killer bee barely misses you.
You hit the killer bee.
The killer bee is poisoned.
The killer bee is severely wounded.
You block the killer bee's attack. The killer bee misses you.
A killer bee comes into view.
The killer bee buzzes angrily.
You bite the killer bee!
You kill the killer bee!
Makhleb accepts your kill. The killer bee completely misses you.
You closely miss the killer bee. The killer bee stings you.
The killer bee completely misses you.
You take 6 damage, and have 24/30 hp.
You closely miss the killer bee. The killer bee stings you.
You are poisoned.
The killer bee poisons you! You block the killer bee's attack.
You take 4 damage, and have 20/30 hp.
You hit the killer bee.
The killer bee is lightly wounded.
You feel sick. The killer bee stings you.
You are lethally poisoned!
The killer bee poisons you!
You take 5 damage, and have 15/30 hp.
You hit the killer bee.
The killer bee is poisoned.
The killer bee is lightly wounded.
You feel very sick. You block the killer bee's attack.
The killer bee barely misses you.
You take 3 damage, and have 12/30 hp.
You hit the killer bee.
The killer bee is heavily wounded.
* * * LOW HITPOINT WARNING * * *
You feel very sick. The killer bee stings you!
* * * LOW HITPOINT WARNING * * *
You are more poisoned.
The killer bee poisons you! The killer bee barely misses you.
You take 11 damage, and have 1/30 hp.
MASSIVE DAMAGE!!
You closely miss the killer bee.
The killer bee is severely wounded.
You die...

#. #. #. # #. #.## #.
... #. ####
####.################...
#....yys................
#...#######.......###...
+.. ...>...............
#. ####.##.......######
# +.............+.....
#####.#.......######
#...#.##########....
+...................
##...#.##########....


You could see 2 killer bees.

Vanquished Creatures
  Grinder (D:3)
  3 yaks (D:5)
  A wyvern (D:4)
  A water moccasin (D:5)
  2 black bears (D:7)
  A phantom (D:5)
  A bullfrog (D:7)
  A scorpion (D:4)
  A killer bee (D:7)
  A howler monkey (D:5)
  A jelly (D:4)
  2 orc wizards (D:5)
  9 adders
  4 river rats
  A white imp (D:5)
  4 worms
  2 dart slugs
  11 orcs
  10 ball pythons
  8 endoplasms
  6 giant cockroaches
  A goblin (D:3)
  5 hobgoblins
  10 jackals
  5 kobolds
  5 quokkas
  10 bats
  A frilled lizard (Sewer)
  4 rats
112 creatures vanquished.

Notes
Turn   | Place    | Note
-------+----------+-------------------------------------------
     0 | D:1      | trckry the Felid Transmuter began the quest for the Orb.
     0 | D:1      | Reached XP level 1. HP: 9/9 MP: 4/4
   521 | D:1      | Reached XP level 2. HP: 12/12 MP: 4/6
  1157 | D:2      | Learned a level 2 spell: Wereblood
  1313 | D:3      | Found a glowing drain.
  1317 | D:3      | Reached XP level 3. HP: 15/15 MP: 3/7
  1332 | Sewer    | Entered a sewer
  1766 | Sewer    | Reached XP level 4. HP: 19/19 MP: 8/8
  2692 | D:3      | Reached XP level 5. HP: 20/22 MP: 9/9
  2695 | D:3      | Noticed Grinder
  2718 | D:3      | Killed Grinder
  2719 | D:3      | Reached skill level 5 in Unarmed Combat
  2719 | D:3      | Reached skill level 5 in Transmutations
  2719 | D:3      | Reached skill level 1 in Evocations
  2719 | D:3      | Gained mutation: You are covered in thick fur. (AC +2)
                  | [Felid growth]
  2719 | D:3      | Reached XP level 6. HP: 25/25 MP: 10/10
  2746 | D:3      | Identified the ring of the Final Decision {rC- rN+ Will+
                  | Str+7 Int+6}
  2958 | D:3      | Found a shadowy altar of Dithmenos.
  3300 | D:4      | Noticed an ice beast
  3440 | D:4      | Noticed a wyvern
  3499 | D:4      | Killed a wyvern
  3500 | D:4      | Reached XP level 7. HP: 24/28 MP: 11/11
  4020 | D:5      | Entered Level 5 of the Dungeon
  4037 | D:5      | Noticed a yak
  4037 | D:5      | Noticed a yak
  4037 | D:5      | Noticed a yak
  4037 | D:5      | Noticed a yak
  4267 | D:5      | Found an opulent altar of Gozag.
  4270 | D:5      | Found Gozag's Platinum Reserve.
  4367 | D:5      | Noticed a steam dragon
  4398 | D:5      | Learned a level 3 spell: Spider Form
  4403 | D:5      | Learned a level 4 spell: Ice Form
  4463 | D:5      | Found a burning altar of Makhleb.
  4647 | D:5      | Found a basalt altar of Yredelemnul.
  4918 | D:5      | Found a staircase to the Ecumenical Temple.
  4928 | Temple   | Entered the Ecumenical Temple
  5197 | D:5      | Became a worshipper of Makhleb the Destroyer
  5208 | D:5      | Found a stormy altar of Qazlal.
  5259 | D:5      | Noticed a yak
  5287 | D:5      | Killed a yak
  5288 | D:5      | Reached XP level 8. HP: 16/33 MP: 10/13
  5478 | D:5      | Reached skill level 1 in Poison Magic
  5478 | D:5      | Reached skill level 1 in Invocations
  5549 | D:5      | Reached skill level 1 in Ice Magic
  5605 | D:5      | Mangled by a yak
  5606 | D:5      | Reached XP level 7. HP: -11/30 MP: 8/12
  5892 | D:6      | Noticed Dowan
  6029 | D:6      | Noticed Sigmund
  6122 | D:7      | Shot with an arrow by a centaur
  6123 | D:7      | Reached XP level 6. HP: -2/27 MP: 9/11
  6376 | D:7      | Reached XP level 7. HP: 26/30 MP: 10/12
  6489 | D:7      | HP: 1/30 [killer bee (8)]
  6490 | D:7      | Succumbed to a killer bee's poison

Illustrated notes

Levels and vault maps discovered:
D:1:      heliophobic_arrival_enchanted_forest, layout_rooms
D:2:      layout_basic, hellmonk_ecumenical_altar_prayer_group
D:3:      layout_rooms, nicolae_overflow_hidden_temple, portal_sewer_entry_b,
          minmay_hedge_maze, uniq_grinder
D:4:      layout_loops_ring
D:5:      layout_loops_corners, kennysheep_little_box,
          mainiacjoe_overflow_swirl, nicolae_gozag_zags_fifth_avenue,
          minmay_temple_entry_poolview
D:6:      layout_loops_ring, grunt_temple_overflow_growth_and_decay, uniq_pikel,
          uniq_blork_the_orc, uniq_sigmund, uniq_duvessa
D:7:      layout_basic
Temple:   minmay_temple_curvy_loop

Skill      XL: |  1  2  3  4  5  6  7  8 |
---------------+-------------------------+-----
Transmutations | 3 4 5 6 |  6.8
Unarmed Combat | 4 5 6 |  6.6
Evocations     | 1 2 3 |  3.4
Dodging        | 3 4 |  4.5
Fighting       | 2 |  2.7
Poison Magic   | 1 |  1.6
Invocations    | 2 1 |  2.3
Ice Magic      | 1 |  1.6
Spellcasting   | 3 |  3.1

Action                   |  1- 3 |  4- 6 |  7- 9 || total
-------------------------+-------+-------+-------++-------
Melee: Unarmed           |   115 |   104 |   108 ||   327
       Headbutt          |    16 |    13 |     8 ||    37
       Bite              |    10 |    12 |    13 ||    35
       Punch             |     3 |     3 |     3 ||     9
 Cast: Beastly Appendage |    24 |    15 |     7 ||    46
       Wereblood         |     4 |     5 |     4 ||    13
       Spider Form       |       |     1 |     6 ||     7
Evoke: Wand              |       |     8 |     2 ||    10
  Use: Potion            |       |     2 |       ||     2
 Stab: Sleeping          |     1 |     1 |       ||     2
       Confused          |       |       |     1 ||     1
Armor: Skin              |     4 |    10 |     4 ||    18
Dodge: Dodged            |    95 |    73 |    70 ||   238
Block: Other             |    29 |    24 |    20 ||    73

Table legend: (Time is in decaauts)
 A = Elapsed time spent in this place.
 B = Non-inter-level travel time spent in this place.
 C = Inter-level travel time spent in this place.
 D = Time resting spent in this place.
 E = Time spent auto-exploring this place.
 F = Levels seen in this place.
 G = Mean time per level.
                   A        B        C        D        E       F      G
               +--------+--------+--------+--------+--------+-----+--------+
         Total |   5880 |   5657 |    223 |    591 |   2949 |   9 |  653.3 |
       Dungeon |   4409 |   4204 |    205 |    342 |   2640 |   7 |  629.9 |
        Temple |    180 |    162 |     18 |      0 |    156 |   1 |  180.0 |
         Sewer |   1291 |   1291 |      0 |    249 |    152 |   1 | 1291.0 |
               +--------+--------+--------+--------+--------+-----+--------+

Top non-repeatable levels by time:
     D:5: 1429 daAuts
   Sewer: 1291 daAuts
     D:4: 708 daAuts
     D:3: 689 daAuts
     D:1: 612 daAuts
     D:2: 444 daAuts
     D:7: 385 daAuts
  Temple: 180 daAuts
     D:6: 138 daAuts
